 Dungeon Crawl Stone Soup version 0.29-a0-732-g3d7fbe0af2 (webtiles) character file.

Game seed: 4173220303805243465

3407 zeratav the Marksspriggan (level 9, -2/41 HPs)
             Began as a Spriggan Hunter on June 29, 2022.
             Was an Initiate of Dithmenos.
             Slain by a vampire mosquito (5 damage)
             ... on level 7 of the Dungeon.
             The game lasted 00:11:32 (9296 turns).

zeratav the Marksspriggan (Spriggan Hunter)         Turns: 9296, Time: 00:11:33

Health: -2/41      AC:  4    Str:  7    XL:     9   Next: 75%
Magic:  10/10      EV: 18    Int: 17    God:    Dithmenos [......]
Gold:   144        SH:  0    Dex: 22    Spells: 8/8 levels left

rFire   + . .      SeeInvis +   D - +0 arbalest {crossbow}
rCold   . . .      Faith    .   (shield currently unavailable)
rNeg    . . .      Spirit   .   c - +0 robe
rPois   .          Reflect  .   (helmet restricted)
rElec   .          Harm     .   u - +1 cloak
rCorr   .          Rampage  .   (gloves unavailable)
Will    +....                   (boots unavailable)
Stlth   +++.......              p - amulet of the acrobat
HPRegen 0.13/turn               e - +6 ring of intelligence
MPRegen 0.12/turn               h - ring of protection from fire

@: very quick
A: very small, no large weapons, unfitting armour, see invisible, speed 3
a: Renounce Religion


You were on level 7 of the Dungeon.
You worshipped Dithmenos.
Dithmenos was noncommittal.
You visited 2 branches of the dungeon, and saw 8 of its levels.

You collected 312 gold pieces.
You spent 168 gold pieces at shops.


Innate Abilities, Weirdness & Mutations

You are very small and have problems with some larger weapons.
You are too small for most types of armour.
You have supernaturally acute eyesight. (SInv)
You cover ground extremely quickly. (Speed+++)


   Skills:
 - Level 1.5 Fighting
 + Level 16.4 Ranged Weapons
 - Level 2.6 Dodging
 - Level 5.0 Stealth


You had 8 spell levels left.
You didn't know any spells.
Your spell library contained the following spells:

 Spells                   Type           Power      Damage    Failure   Level
 Apportation              Tloc           0%         N/A       24%         1
 Freeze                   Ice            0%         1d3       24%         1
 Summon Small Mammal      Summ           0%         N/A       24%         1
 Blink                    Tloc           0%         N/A       34%         2
 Call Canine Familiar     Summ           0%         N/A       56%         3
 Frozen Ramparts          Ice            0%         1d2       56%         3
 Summon Guardian Golem    Hex/Summ       0%         N/A       56%         3
 Hailstorm                Conj/Ice       0%         3d3       93%         4
 Alistair's Intoxication  Tmut/Pois      0%         N/A       100%        5
 Manifold Assault         Tloc           0%         N/A       100%        5
 Conjure Ball Lightning   Conj/Air       0%         3x3d6     100%        6
 Storm Form               Tmut/Air       0%         N/A       100%        7
 Discord                  Hex            0%         N/A       100%        8
 Disjunction              Tloc           0%         N/A       100%        8

Inventory:

Hand Weapons
 a - a +0 shortbow {bow}
 k - a +2 dagger {short}
   (You took it off a wight on level 7 of the Dungeon)
 D - a +0 arbalest (weapon) {crossbow}
   (You bought it in a shop on level 6 of the Dungeon)
Armour
 c - a +0 robe (worn)
 u - a +1 cloak (worn)
   (You found it on level 3 of the Dungeon)
Jewellery
 e - a +6 ring of intelligence (left hand)
   (You found it on level 1 of the Dungeon)
 h - a ring of protection from fire (right hand)
   (You found it on level 6 of the Dungeon)
 i - a ring of fire
   (You found it on level 1 of the Dungeon)
 p - an amulet of the acrobat (around neck)
   (You found it on level 3 of the Dungeon)
 y - an amulet of reflection
   (You found it on level 5 of the Dungeon)
Wands
 t - a wand of iceblast (8)
   (You took it off Ijyb on level 3 of the Dungeon)
 E - a wand of mindburst (14)
   (You took it off an orc priest on level 6 of the Dungeon)
Scrolls
 b - 3 scrolls of immolation {!r!r}
 j - 2 scrolls of vulnerability {!r!r}
 l - a scroll of fog
 m - 2 scrolls of blinking {!r}
 n - 2 scrolls of enchant armour
 q - 4 scrolls of teleportation {@r4}
 x - a scroll of enchant weapon
 B - a scroll of silence {!r}
 C - 2 scrolls of poison {unknown}
 F - a scroll of summoning {unknown}
 G - a scroll of fear {unknown}
 H - a scroll of identify {@r1}
Potions
 d - 2 potions of degeneration {unknown}
 f - 2 potions of flight {unknown}
 g - 3 potions of brilliance {unknown}
 o - 10 potions of curing {@q1}
 r - 2 potions of lignification {unknown}
 s - a potion of invisibility {unknown}
 v - 3 potions of heal wounds {unknown}
 w - 2 potions of cancellation {unknown}
 z - 3 potions of attraction {unknown}
 A - 3 potions of mutation {unknown}

Dungeon Overview and Level Annotations

Branches:
Dungeon (7/15) Zot: 24711  Temple (1/1) D:7 Zot: 5991

Altars:
Ashenzari
Cheibriados
Dithmenos
Elyvilon
Fedhas
Gozag
Hepliaklqana
Kikubaaqudgha
Makhleb
Nemelex Xobeh
Okawaru
Qazlal
Ru
Sif Muna
Trog
Uskayaw
Vehumet
Wu Jian
Xom
Yredelemnul
Zin
The Shining One

Shops:
D:6 (!   D:7 ?

Annotations:
D:3 1 runed translucent door, Crazy Yiuf

###.###...#.##..#.###
.#.y.#..###.......##
.##l##.####.[.(....#
..#.#..###.........#
..#.#.##.[.#.##....#
.........###.......#
.......### ####...##
######## #.y.# #.@.#
#.#.# #.#.# #.#.#
#.#.# #.#.# #.#.#
#.#.#


You could see a vampire mosquito.


Message History

Dithmenos accepts your kill.
HP[+1]
Your hp is fully restored (41).
Things that are here:
2 boomerangs {throwing}; a goblin corpse You enter the shallow water.
Moving in this stuff is going to be slow.
Things that are here:
a boomerang {throwing}; a goblin corpse
There is an escape hatch in the floor here.
You enter the shallow water.
Moving in this stuff is going to be slow.
You see here a +0 spear {polearm}.
You see here a +0 spear {polearm}.
You see here a +0 trident {polearm}.
A basilisk is nearby!
You shoot a bolt. The bolt hits the basilisk!!
You hear an angry hiss.
You shoot a bolt. The bolt hits the basilisk!!
You kill the basilisk!
Dithmenos accepts your kill.
Your Ranged Weapons skill increases to level 16!
You shoot a bolt. The bolt hits the komodo dragon!!
You shoot a bolt.
The bolt hits the komodo dragon but does no damage.
A vampire mosquito comes into view.
You shoot a bolt.
The bolt barely misses the komodo dragon.
The bolt misses the vampire mosquito.
The komodo dragon bites you!!
HP[-18]
You take 18 damage, and now have 23/41 hp.
MASSIVE DAMAGE!! (PAUSE) HP[+1]
You see here a +0 leather armour.
You shoot a bolt. The bolt hits the komodo dragon.
You shoot a bolt. The vampire mosquito buzzes angrily.
The bolt hits the komodo dragon.
You shoot a bolt. The bolt hits the komodo dragon.
HP[+1]
There is a stone staircase leading up here.
You shoot a bolt.
The bolt hits the vampire mosquito but does no damage.
You shoot a bolt. The bolt hits the vampire mosquito!
The vampire mosquito bites you.
The vampire mosquito draws strength from your injuries!
HP[-2]
You take 2 damage, and now have 23/41 hp.
You shoot a bolt.
The bolt closely misses the vampire mosquito.
The bolt hits the komodo dragon!!
You kill the komodo dragon!
Dithmenos accepts your kill. The vampire mosquito barely misses you.
The vampire mosquito misses you.
HP[+1]
You shoot a bolt.
The bolt closely misses the vampire mosquito.
The vampire mosquito closely misses you. x2
You shoot a bolt. The bolt misses the vampire mosquito.
The vampire mosquito misses you. x2
You shoot a bolt. The bolt hits the vampire mosquito.
The vampire mosquito misses you. The vampire mosquito bites you.
The vampire mosquito draws strength from your injuries!
HP[-3]
You take 3 damage, and now have 21/41 hp.
You shoot a bolt.
The bolt closely misses the vampire mosquito.
The vampire mosquito closely misses you.
The vampire mosquito bites you.
* * * LOW HITPOINT WARNING * * *
The vampire mosquito draws strength from your injuries!
HP[-6]
You take 6 damage, and now have 15/41 hp.
You are too injured to fight recklessly!
You are too injured to fight recklessly!
Fire: D) +0 arbalest {crossbow}
Press: ? - help, Q - select action, (/) - cycle Shift-Dir - straight line, f/p - vampire mosquito
Aim: a vampire mosquito (moderately damaged)
You shoot a bolt.
The bolt closely misses the vampire mosquito.
The vampire mosquito misses you. The vampire mosquito bites you!
* * * LOW HITPOINT WARNING * * *
The vampire mosquito draws strength from your injuries!
HP[-7]
You take 7 damage, and now have 8/41 hp.
Fire: D) +0 arbalest {crossbow}
Press: ? - help, Q - select action, (/) - cycle Shift-Dir - straight line, f/p - vampire mosquito
Aim: a vampire mosquito (lightly damaged)
You shoot a bolt. The bolt hits the vampire mosquito!!
The vampire mosquito misses you. The vampire mosquito bites you.
* * * LOW HITPOINT WARNING * * *
The vampire mosquito draws strength from your injuries!
HP[-6]
You take 6 damage, and now have 2/41 hp.
Fire: D) +0 arbalest {crossbow}
Press: ? - help, Q - select action, (/) - cycle Shift-Dir - straight line, f/p - vampire mosquito
Aim: a vampire mosquito (severely damaged)
You shoot a bolt. The bolt misses the vampire mosquito.
The vampire mosquito barely misses you. The vampire mosquito bites you.
You die...

Skill      XL: |  1  2  3  4  5  6  7  8  9 |
---------------+----------------------------+-----
Ranged Weapons | 5 6 8 10 11 14 16 | 16.4
Stealth        | 3 5 |  5.0
Fighting       | |  1.5
Dodging        | |  2.6

Action                   |  1- 3 |  4- 6 |  7- 9 || total
-------------------------+-------+-------+-------++-------
 Fire: Shortbow          |    75 |   180 |    84 ||   339
       Arbalest          |       |       |   194 ||   194
Evoke: Wand              |       |       |     1 ||     1
  Use: Scroll            |       |       |     8 ||     8
Armor: Robe              |     2 |     5 |    15 ||    22
Dodge: Dodged            |    24 |    66 |    73 ||   163

Levels and vault maps discovered:
D:1:      co_arrival_square_in_a_square_in_a_square, layout_rooms
D:2:      layout_loops_ring, uniq_sigmund, uniq_jessica
D:3:      layout_rooms, grunt_temple_overflow_lords_of_destruction, uniq_ijyb,
          uniq_crazy_yiuf_cottage
D:4:      layout_loops_ring
D:5:      layout_basic, nicolae_hepliaklqana_hazy_memory, uniq_edmund
D:6:      layout_basic, serial_shops, shop, kennysheep_nondescript,
          nicolae_shop_firing_range, uniq_grinder
D:7:      minmay_the_grid_triangle_9x9_recursive_2
          [minmay_the_grid_triangle_9x9_prize_center,
          minmay_the_grid_triangle_9x9_corruption,
          minmay_the_grid_triangle_9x9_cache,
          minmay_the_grid_triangle_9x9_skeleton], layout_basic,
          mainiacjoe_overflow_24_doors, temple_fountains, serial_shops,
          kennysheep_mini, enter_bailey_5, dk_rats_in_the_wall
Temple:   nicolae_temple_no_exploring_needed

Notes
Turn   | Place    | Note
-------+----------+-------------------------------------------
     0 | D:1      | zeratav the Spriggan Hunter began the quest for the Orb.
     0 | D:1      | Reached XP level 1. HP: 10/10 MP: 2/2
     0 | D:1      | magus.rc [v1.9.6]
    34 | D:1      | Reached skill level 5 in Ranged Weapons
   297 | D:1      | Reached XP level 2. HP: 14/14 MP: 3/3
  1074 | D:2      | Reached skill level 6 in Ranged Weapons
  1078 | D:2      | Reached XP level 3. HP: 14/18 MP: 4/4
  1162 | D:2      | Noticed Jessica
  1167 | D:2      | Killed Jessica
  1198 | D:2      | Noticed Sigmund
  1218 | D:2      | HP: 3/18 [Sigmund/magic dart (5)]
  1530 | D:2      | Killed Sigmund
  1531 | D:2      | Reached skill level 8 in Ranged Weapons
  1531 | D:2      | Reached XP level 4. HP: 22/22 MP: 5/5
  1531 | D:2      | Reached XP level 5. HP: 25/25 MP: 6/6
  2092 | D:3      | Noticed Ijyb
  2097 | D:3      | HP: 6/25 [Ijyb/iceblast (13)]
  2102 | D:3      | Killed Ijyb
  2103 | D:3      | Reached XP level 6. HP: 8/30 MP: 7/7
  2381 | D:3      | You pick up a book of Callings and begin reading...
  2381 | D:3      | You add the spells Summon Small Mammal, Call Canine
                  | Familiar and Summon Guardian Golem to your library.
  2526 | D:3      | Found a runed translucent door.
  2527 | D:3      | Noticed Crazy Yiuf
  2554 | D:3      | Found a burning altar of Makhleb.
  2566 | D:3      | Reached skill level 9 in Ranged Weapons
  2587 | D:3      | Found a radiant altar of Vehumet.
  2622 | D:3      | w - a +0 triple sword of protection {longrare=g}
  2626 | D:3      | You drop a +0 triple sword of protection {longrare=g}.
  2630 | D:3      | w - a +0 triple sword of protection {longrare=g}
  2763 | D:3      | You pick up a book of Chaos and begin reading...
  2763 | D:3      | You add the spells Conjure Ball Lightning, Disjunction and
                  | Discord to your library.
  2930 | D:3      | You drop a +0 triple sword of protection {longrare=g}.
  3149 | D:4      | Reached skill level 10 in Ranged Weapons
  3149 | D:4      | Reached skill level 2 in Stealth
  3251 | D:4      | Reached skill level 3 in Stealth
  3251 | D:4      | Reached XP level 7. HP: 33/33 MP: 8/8
  3566 | D:5      | Entered Level 5 of the Dungeon
  3725 | D:5      | Reached skill level 5 in Stealth
  3994 | D:5      | HP: 5/33 [centaur/arrow (8)]
  4297 | D:5      | Found a hazy altar of Hepliaklqana.
  4321 | D:5      | Noticed Edmund
  4369 | D:5      | Killed Edmund
  4370 | D:5      | Reached skill level 11 in Ranged Weapons
  4637 | D:6      | HP: 5/33 [iguana (7)]
  4962 | D:6      | Found Kagie's Firing Range.
  4973 | D:6      | Bought a +0 arbalest for 54 gold pieces
  4980 | D:6      | You pick up a book of Party Tricks and begin reading...
  4980 | D:6      | You add the spells Apportation and Alistair's Intoxication
                  | to your library.
  5034 | D:6      | You pick up a book of Frost and begin reading...
  5034 | D:6      | You add the spells Freeze, Frozen Ramparts and Hailstorm to
                  | your library.
  5173 | D:6      | Reached XP level 8. HP: 27/37 MP: 9/9
  5281 | D:6      | Noticed Grinder
  5381 | D:6      | Killed Grinder
  5382 | D:6      | Reached skill level 12 in Ranged Weapons
  5399 | D:6      | HP: 7/37 [something/ball of steam (21)]
  5406 | D:6      | HP: 4/37 [something] (3)]
  5804 | D:6      | Reached skill level 13 in Ranged Weapons
  6110 | D:6      | You add the spells Blink, Manifold Assault and Storm Form
                  | to your library.
  6202 | D:6      | Found Kemagusm's Distillery.
  6214 | D:6      | Bought a potion of curing for 30 gold pieces
  6898 | D:7      | Reached skill level 14 in Ranged Weapons
  6901 | D:7      | Reached XP level 9. HP: 24/41 MP: 10/10
  6929 | D:7      | HP: 2/41 [orc warrior/bolt (16)]
  7239 | D:7      | HP: 6/41 [orc warrior/bolt (16)]
  7570 | D:7      | Found a staircase to the Ecumenical Temple.
  7648 | Temple   | Entered the Ecumenical Temple
  7654 | Temple   | Became a worshipper of Dithmenos the Shadowed
  7666 | D:7      | Found Romeif's Magic Scroll Emporium.
  7669 | D:7      | Bought a scroll of identify for 28 gold pieces
  7669 | D:7      | Bought a scroll of identify for 28 gold pieces
  7669 | D:7      | Bought a scroll of identify for 28 gold pieces
  7996 | D:7      | Found a shimmering blue altar of Sif Muna.
  8485 | D:7      | Reached skill level 15 in Ranged Weapons
  8573 | D:7      | Noticed a cyclops
  8573 | D:7      | Noticed a komodo dragon
  8575 | D:7      | Noticed a purple ugly thing
  8575 | D:7      | Noticed a komodo dragon
  8577 | D:7      | HP: 6/41 [cyclops/large rock (35)]
  8935 | D:6      | Killed a purple ugly thing
  9262 | D:7      | Reached skill level 16 in Ranged Weapons
  9289 | D:7      | Killed a komodo dragon
  9294 | D:7      | HP: 8/41 [vampire mosquito (7)]
  9295 | D:7      | HP: 2/41 [vampire mosquito (6)]
  9296 | D:7      | Slain by a vampire mosquito

Vanquished Creatures
  An ugly thing (D:6)
  A komodo dragon (D:7)
  Grinder (D:6)
  Sigmund (D:2)
  A basilisk (D:7)
  2 steam dragons
  Edmund (D:5)
  A water moccasin (D:6)
  3 orc warriors
  A sky beast (D:6)
  2 black bears
  A centaur (D:5)
  3 scorpions
  4 wights (D:7)
  A crimson imp (D:3)
  2 hounds
  3 orc priests (D:6)
  3 gnoll shamans
  Jessica (D:2)
  Ijyb (D:3)
  2 iguanas
  5 orc wizards
  10 adders
  10 gnolls
  3 white imps
  6 dart slugs
  18 orcs
  6 ball pythons
  5 endoplasms
  9 goblins
  6 hobgoblins
  6 jackals (D:4)
  8 quokkas
  6 bats
  2 frilled lizards (D:2)
  4 kobolds
  5 rats
145 creatures vanquished.

Vanquished Creatures (others)
  A plant (D:5)
1 creature vanquished.

Grand Total: 146 creatures vanquished

Table legend:
 A = Non-vault XP
 B = Vault XP
 C = Vault XP percentage of total XP
 D = Non-vault monster count
 E = Vault monster count
 F = Vault count percentage of total count
                 A         B        C        D         E       F
            +---------+---------+-------+---------+---------+-------
      Total |    2546 |    2322 |  47.7 |     127 |      18 |  12.4
            +---------+---------+-------+---------+---------+-------
        D:1 |      16 |       0 |   0.0 |      10 |       0 |   0.0
        D:2 |      57 |     260 |  82.0 |      18 |       2 |  10.0
        D:3 |      98 |      84 |  46.2 |      24 |       2 |   7.7
        D:4 |     264 |       0 |   0.0 |      25 |       0 |   0.0
        D:5 |     349 |     169 |  32.6 |      15 |       1 |   6.2
        D:6 |    1103 |     811 |  42.4 |      21 |       2 |   8.7
        D:7 |     659 |     998 |  60.2 |      14 |      11 |  44.0
            +---------+---------+-------+---------+---------+-------

Illustrated notes

Table legend:
 A = Kills in this place as a percentage of kills in entire the game.
 B = Kills by you in this place as a percentage of kills by you in the entire game.
 C = Kills by friends in this place as a percentage of kills by friends in the entire game.
 D = Other kills in this place as a percentage of other kills in the entire game.
 E = Experience gained in this place as a percentage of experience gained in the entire game.
 F = Experience gained in this place divided by the number of levels of this place that you have seen.
                   A       B       C       D       E      F
               +-------+-------+-------+-------+-------+----------------------
         Total | 100.0 | 100.0 |   N/A |   N/A | 100.0 | 608.5
       Dungeon | 100.0 | 100.0 |   N/A |   N/A | 100.0 | 695.4
               +-------+-------+-------+-------+-------+----------------------

Table legend: (Time is in decaauts)
 A = Elapsed time spent in this place.
 B = Non-inter-level travel time spent in this place.
 C = Inter-level travel time spent in this place.
 D = Time resting spent in this place.
 E = Time spent auto-exploring this place.
 F = Levels seen in this place.
 G = Mean time per level.
                   A        B        C        D        E       F      G
               +--------+--------+--------+--------+--------+-----+--------+
         Total |   7488 |   7356 |    132 |   2684 |   3539 |   8 |  936.0 |
       Dungeon |   7479 |   7355 |    124 |   2684 |   3539 |   7 | 1068.4 |
        Temple |      8 |      1 |      7 |      0 |      0 |   1 |    8.0 |
               +--------+--------+--------+--------+--------+-----+--------+

Top non-repeatable levels by time:
     D:6: 2821 daAuts
     D:2: 1223 daAuts
     D:7: 1094 daAuts
     D:4: 688 daAuts
     D:5: 569 daAuts
     D:3: 561 daAuts
     D:1: 522 daAuts
  Temple: 8 daAuts
